 Dungeon Crawl Stone Soup version 0.23-b1-67-g8bd44de (webtiles) character file.

Game seed: 4320594725469673979

7 Monsterracer the Skirmisher (level 2, -1/19 HPs)
             Began as a Gargoyle Chaos Knight on Feb 5, 2019.
             Was a Plaything of Xom.
             Slain by a jackal (2 damage)
             ... on level 1 of the Dungeon.
             The game lasted 00:00:48 (31 turns).

Monsterracer the Skirmisher (Gargoyle Chaos Knight)   Turns: 31, Time: 00:00:48

Health: -1/19      AC:  8    Str: 15    XL:     2   Next: 0%
Magic:  2/2        EV: 11    Int: 12    God:    Xom [..*...]
Gold:   15         SH:  0    Dex:  9    Spells: 1/1 levels left

rFire    . . .     SeeInvis .   a - +0 hand axe (chaos)
rCold    . . .     Gourm    .   (no shield)
rNeg     + . .     Faith    .   b - +2 leather armour
rPois    ∞         Spirit   .   (no helmet)
rElec    +         Reflect  .   (no cloak)
rCorr    .         Harm     .   (no gloves)
MR       .....                  (no boots)
Stlth    +.........             (no amulet)
HPRegen  0.06/turn              (no ring)
MPRegen  0.08/turn              (no ring)

@: no status effects
A: negative energy resistance 1, electricity resistance, unbreathing,
petrification resistance, rot immunity, AC +2
a: Renounce Religion


You were on level 1 of the Dungeon.
You worshipped Xom.
You were a toy of Xom.
You were not hungry.

You visited 1 branch of the dungeon, and saw 1 of its levels.

You collected 15 gold pieces.

Inventory:

Hand Weapons
 a - a +0 hand axe of chaos (weapon)
Armour
 b - a +2 leather armour (worn)
Comestibles
 c - a ration


   Skills:
 + Level 3.4 Fighting
 * Level 2.9 Axes
 + Level 2.3 Armour
 + Level 1.0 Dodging


You had one spell level left.
You didn't know any spells.
Your spell library was empty.

Dungeon Overview and Level Annotations

Branches:
Dungeon (1/15)

Altars:


Innate Abilities, Weirdness & Mutations

You are resistant to torment.
Your stone body is resilient. (AC +2)
You are immune to poison.
You resist negative energy. (rN+)
You are resistant to electric shocks. (rElec)
You can survive without breathing.
You are immune to petrification.
You are immune to rotting.


Message History

Found a staircase leading out of the dungeon.
You now have 15 gold pieces.
Found an escape hatch in the floor.
A bat comes into view.
A bat is nearby!
The bat barely misses you.
Found a robe.
A bat is nearby!
You barely miss the bat. The bat barely misses you.
You hit the bat.
You kill the bat!
No target in view!
A hobgoblin comes into view.
The hobgoblin moves out of view.
No target in view!
A hobgoblin comes into view.
Found a stone staircase leading down.
A hobgoblin is nearby!
A hobgoblin is nearby! 4 jackals come into view.
The jackal barks! x4; You hear a shout!
A giant cockroach comes into view.
A goblin comes into view.
It is wielding a +1 dagger of electrocution.
The hobgoblin hits you.
Found a dagger.
You take 2 damage, and have 12/14 hp.
The goblin shouts!
You slash the hobgoblin! You freeze the hobgoblin.
You kill the hobgoblin!
A giant cockroach comes into view.
The jackal bites you but does no damage.
You barely miss the jackal. You hit the jackal.
The jackal bites you but does no damage.
The jackal completely misses you. The jackal barely misses you.
You closely miss the jackal.
The jackal is almost dead.
You barely miss the hobgoblin. You miss the jackal.
The hobgoblin hits you but does no damage.
The jackal bites you.
The jackal bites you but does no damage.
The giant cockroach waves its antennae.
The hobgoblin hits you.
You are too injured to fight recklessly!
You are too injured to fight recklessly!
You take 4 damage, and have 8/14 hp.
MASSIVE DAMAGE!!
You are too injured to fight recklessly!
You are too injured to fight recklessly!
You are too injured to fight recklessly!
You are too injured to fight recklessly!
You are too injured to fight recklessly!
Okay, then.
You hit the jackal but do no damage.
The jackal seems to speed up.
Xom is highly amused!
The jackal barely misses you. x2
The jackal bites you but does no damage.
You barely miss the jackal.
The jackal bites you but does no damage. x2
You hit the jackal but do no damage. You hit the hobgoblin.
You freeze the hobgoblin.
The jackal bites you but does no damage. x2
The hobgoblin hits you.
* * * LOW HITPOINT WARNING * * *
The jackal bites you but does no damage.
You take 3 damage, and have 6/14 hp.
MASSIVE DAMAGE!!
The jackal misses you. The jackal bites you.
* * * LOW HITPOINT WARNING * * *
The jackal bites you.
* * * LOW HITPOINT WARNING * * *
You take 2 damage, and have 4/14 hp.
You barely miss the jackal. You hit the jackal but do no damage.
You barely miss the hobgoblin. The hobgoblin hits you.
* * * LOW HITPOINT WARNING * * *
The jackal misses you. The jackal barely misses you.
You take 3 damage, and have 1/14 hp.
MASSIVE DAMAGE!!
Unknown command.
The jackal bites you but does no damage.
The giant cockroach waves its antennae.
You closely miss the jackal.
The jackal is almost dead.
You hit the jackal.
The jackal is poisoned.
You hit the hobgoblin. The jackal misses you. The jackal closely misses you. x2
The hobgoblin hits you but does no damage.
The jackal bites you but does no damage.
The jackal barely misses you.
You hit the jackal.
You kill the jackal!
You barely miss the jackal. x2; You hit the hobgoblin but do no damage.
Lightning courses through the hobgoblin!
You kill the hobgoblin!
The jackal bites you but does no damage.
The jackal closely misses you.
The jackal bites you but does no damage.
The jackal closely misses you.
You closely miss the jackal.
The jackal is severely wounded.
You hit the jackal. Lightning courses through the jackal!
You kill the jackal!
Your Dodging skill increases to level 1!
You have reached level 2!
You closely miss the jackal. The jackal bites you.
You die...

#......<......#
#.............#
#.............#
######.#.######
#...# #.#.#
.......#...#
.......#.#.#
.......#@h.#
...g...#h>.#
...s...#sg.#
......h#.#.#
...)...#...#...
.....h.s.!......>
......s...##[....
.................
.........######..


You could see 2 jackals, 2 giant cockroaches and a goblin.

Vanquished Creatures
  A bat (D:1)
  2 hobgoblins (D:1)
  2 jackals (D:1)
5 creatures vanquished.

Notes
Turn   | Place    | Note
-------+----------+-------------------------------------------
     0 | D:1      | Monsterracer the Gargoyle Chaos Knight began the quest for
                  | the Orb.
     0 | D:1      | Reached XP level 1. HP: 14/14 MP: 1/1
    25 | D:1      | HP: 6/14 [hobgoblin (3)]
    27 | D:1      | HP: 1/14 [hobgoblin (3)]
    31 | D:1      | Reached skill level 1 in Dodging
    31 | D:1      | Reached XP level 2. HP: 1/19 MP: 2/2
    31 | D:1      | Slain by a jackal

Skill      XL: |  1 |
---------------+----+-----
Dodging        | 1 |  1.0
Fighting       | |  3.4
Axes           | |  2.9
Armour         | |  2.3

Action                   || total
-------------------------++-------
Melee: Hand axe          ||    12
Armor: Leather armour    ||    15
Dodge: Dodged            ||    15

Vault maps used:
D:1:      lemuel_arrival_hallway
